 Dungeon Crawl Stone Soup version 0.31-a0-960-g0fca184906 (webtiles) character file.

Game seed: 429486741319781197

532 LeprechaunX the Changeling (level 7, -1/46 HPs)
             Began as an Octopode Shapeshifter on Oct 23, 2023.
             Was a Priest of Dithmenos.
             Slain by a goblin
             ... wielding a +0 club
              (2 damage)
             ... on level 4 of the Dungeon.
             The game lasted 00:04:11 (3841 turns).

LeprechaunX the Changeling (Octopode Shapeshifter)  Turns: 3841, Time: 00:04:12

Health: -1/46      AC:  1    Str: 15    XL:     7   Next: 24%
Magic:  7/9        EV: 13    Int: 13    God:    Dithmenos [***...]
Gold:   148        SH:  0    Dex: 11    Spells: 6/6 levels left

rFire   . . .        p - +2 short sword (speed)
rCold   + . .        (no shield)
rNeg    . . .        (helmet currently unavailable)
rPois   .            (no amulet)
rElec   .            s - ring of protection from cold
rCorr   .            (no ring)
SInv    .            (no ring)
Will    .....        (no ring)
Stlth   +++          (no ring)
HPRegen 0.27/turn    (no ring)
MPRegen 0.11/turn    (no ring)
                     (no ring)

%: no passive effects
@: lethally poisoned (-1 -> -9), beast-form, hasted, wreathed by umbra, very
quick
A: beast (slay +2), almost no armour, amphibious, 8 rings, camouflage 1,
gelatinous body 1, (nimble swimmer 1), tentacles
a: Begin Untransformation, Renounce Religion, Shadow Step


You were on level 4 of the Dungeon.
You worshipped Dithmenos.
Dithmenos was most pleased with you.
You were a hulking beast.
You visited 1 branch of the dungeon, and saw 4 of its levels.
You also visited: Sewer.

You collected 148 gold pieces.

Inventory:

Hand Weapons
 a - a +0 sling
 p - a +2 short sword of speed (weapon)
Missiles
 l - 5 atropa-tipped darts
Jewellery
 s - a ring of protection from cold (left tentacle)
 v - a ring of ice
Talismans
 b - a beast talisman
 c - a flux talisman
 j - a blade talisman
Scrolls
 g - a scroll of revelation {unknown}
 h - 4 scrolls of summoning {unknown}
 n - 4 scrolls of identify {unknown}
 o - a scroll of immolation {unknown}
Potions
 d - a potion of mutation {unknown}
 e - 2 potions of invisibility {unknown}
 f - a potion of magic {unknown}
 i - 6 potions of haste
 k - 2 potions of lignification
 m - a potion of brilliance {unknown}
 q - a potion of cancellation {unknown}
 r - a potion of might {unknown}
 t - 2 potions of curing {unknown}
 u - a potion of resistance {unknown}


   Skills:
 + Level 3.0 Fighting
 + Level 3.6 Dodging
 + Level 4.1 Unarmed Combat
 + Level 2.8 Invocations
 * Level 5.0 Shapeshifting


You had 6 spell levels left.
You didn't know any spells.
Your spell library contained the following spells:

 Spells                   Type           Power      Damage    Failure   Level
 Summon Small Mammal      Summ           0%         N/A       30%         1
 Ensorcelled Hibernation  Hex/Ice        0%         N/A       43%         2
 Jinxbite                 Hex            0%         N/A       43%         2
 Poisonous Vapours        Pois/Air       0%         N/A       43%         2
 Call Canine Familiar     Summ           0%         N/A       67%         3
 Frozen Ramparts          Ice            0%         1d1       67%         3
 Gell's Gravitas          Tloc           0%         N/A       67%         3
 Mephitic Cloud           Conj/Pois/Air  0%         N/A       67%         3
 Summon Guardian Golem    Hex/Summ       0%         N/A       67%         3
 Teleport Other           Tloc           0%         N/A       67%         3
 Anguish                  Hex/Necr       0%         N/A       97%         4
 Petrify                  Tmut/Erth      0%         N/A       97%         4
 Freezing Cloud           Conj/Ice/Air   0%         6-21      100%        5
 Metabolic Englaciation   Hex/Ice        0%         N/A       100%        5
 Dispersal                Tloc           0%         N/A       100%        6


Dungeon Overview and Level Annotations

Branches:
Dungeon (4/15)              Sewer (visited)
 Temple: D:4-7

Altars:
Dithmenos
Nemelex Xobeh
Vehumet
Xom

Shops:
D:3 *


Innate Abilities, Weirdness & Mutations

You are a hulking beast.
Your limbs bulge with bestial killing power. (Slay +2)
You cannot wear most types of armour.
You are amphibious.
You can wear up to eight rings at the same time.
Your skin changes colour to match your surroundings (Stealth+).
Your rubbery body absorbs attacks. (AC +1, EV +1)
((You are camouflaged when in or above water. (Stealth+)))
You have tentacles for arms and can constrict up to eight enemies at once.


Message History

The water moccasin is moderately wounded.
You feel sick. The water moccasin misses you.
You hit the water moccasin. Your grab misses the water moccasin.
The water moccasin is heavily wounded.
You feel sick. The water moccasin bites you.
You hit the water moccasin. Your grab misses the water moccasin.
The water moccasin is severely wounded.
You feel sick.
The water moccasin completely misses you.
You barely miss the water moccasin. You grab the water moccasin.
The water moccasin is severely wounded.
You constrict the water moccasin, but do no damage.
You feel sick. The water moccasin bites you.
You are lethally poisoned!
The water moccasin poisons you!
You hit the water moccasin.
The water moccasin is severely wounded.
You constrict the water moccasin.
You feel very sick. The water moccasin bites you.
* * * LOW HITPOINT WARNING * * *
You puncture the water moccasin!
You kill the water moccasin!
Dithmenos accepts your kill.
* * * LOW HITPOINT WARNING * * *
You feel very sick.
Your Fighting skill increases to level 3!
Your Shapeshifting skill increases to level 5!
You have reached level 7!
You closely miss the goblin. Your grab misses the goblin.
You squeeze the goblin.
The goblin is severely wounded.
* * * LOW HITPOINT WARNING * * *
You feel sick. The goblin hits you with a +0 club.
* * * LOW HITPOINT WARNING * * *
It was a potion of haste.
You feel yourself speed up.
* * * LOW HITPOINT WARNING * * *
You feel very sick. The goblin hits you with a +0 club.
You die...

...............##
#######.................#
...................######
...................#
.#.#....# ######.#.#
........# #.#.##
.#.#....# #####....#
........####........#
.#.#...Sgh.#.#.#.#..#
.....#####.#........# ###
#...#.#.#.## ###.......#
#.#.#.#... ...
#.......... ≈~≈
####...##.. ≈≈~
#.......≈≈≈~ #.#.#...~≈≈~


You could see a goblin and a ball python.

Vanquished Creatures
  2 water moccasins
  3 jellies (Sewer)
  An iguana (D:4)
  5 river rats
  7 adders
  A worm (D:2)
  4 dart slugs
  An orc (D:4)
  11 endoplasms
  6 giant cockroaches
  6 goblins
  5 hobgoblins
  3 jackals (D:4)
  3 quokkas
  9 ball pythons
  3 bats
  9 frilled lizards
  5 kobolds
  4 rats
88 creatures vanquished.

Notes
Turn   | Place    | Note
-------+----------+-------------------------------------------
     0 | D:1      | LeprechaunX the Octopode Shapeshifter began the quest for
                  | the Orb.
     0 | D:1      | Reached XP level 1. HP: 13/13 MP: 1/1
    47 | D:1      | Found a faded altar of an unknown god.
    61 | D:1      | Prayed at the altar of an unknown god.
    61 | D:1      | Became a worshipper of Dithmenos the Shadowed
    61 | D:1      | Reached * piety under Dithmenos
   190 | D:1      | Reached XP level 2. HP: 18/18 MP: 2/2
  1189 | D:2      | Reached XP level 3. HP: 23/23 MP: 3/3
  1394 | D:2      | Reached skill level 1 in Invocations
  1785 | D:3      | Reached ** piety under Dithmenos
  1816 | D:3      | Reached XP level 4. HP: 16/29 MP: 4/4
  1838 | D:3      | Found a glowing drain.
  1845 | Sewer    | Entered a sewer
  2066 | Sewer    | Reached XP level 5. HP: 31/34 MP: 6/6
  2092 | Sewer    | Found a viscous altar of Jiyva.
  2098 | Sewer    | Reached skill level 4 in Shapeshifting
  2405 | Sewer    | Reached XP level 6. HP: 6/41 MP: 7/7
  2792 | D:3      | Found a radiant altar of Vehumet.
  2846 | D:3      | Reached *** piety under Dithmenos
  2916 | D:3      | Found a sparkling altar of Nemelex Xobeh.
  2916 | D:3      | Noticed a water moccasin
  2922 | D:3      | Killed a water moccasin
  3107 | D:3      | Found Redeikeu's Assorted Antiques.
  3532 | D:4      | Found a shimmering altar of Xom.
  3827 | D:4      | Noticed a water moccasin
  3839 | D:4      | Killed a water moccasin
  3840 | D:4      | Reached skill level 5 in Shapeshifting
  3840 | D:4      | Reached XP level 7. HP: 9/46 MP: 7/9
  3841 | D:4      | HP: 1/46 [poisoned by a water moccasin]
  3841 | D:4      | Slain by a goblin

Illustrated notes

Levels and vault maps discovered:
D:1:      erik_arrival_triangle_small, layout_loops_ring,
          chequers_ecumenical_altar_island
D:2:      layout_basic
D:3:      layout_loops_corners, mainiacjoe_overflow_big_doors,
          mainiacjoe_sewer_entry_somewhere_in_here_2, serial_shops, shop
D:4:      layout_basic, mainiacjoe_overflow_small_starburst,
          nicolae_qazlal_general_emergency, serial_glass, glass_columns_a,
          glass_columns_a, glass_columns_a, glass_columns_b, glass_columns_c,
          glass_columns_b, glass_columns_c, glass_columns_a, glass_columns_c,
          glass_columns_b, glass_columns_b, glass_columns_a, glass_columns_b,
          glass_columns_a, minivault_14

Skill      XL: |  1  2  3  4  5  6 |
---------------+-------------------+-----
Invocations    | 1 2 |  2.8
Fighting       | 2 3 |  3.0
Shapeshifting  | 4 5 |  5.0
Dodging        | 3 |  3.6
Unarmed Combat | 4 |  4.1

Action                     |  1- 3 |  4- 6 |  7- 9 || total
---------------------------+-------+-------+-------++-------
  Melee: Unarmed           |    53 |       |       ||    53
         Constrict         |    18 |    26 |       ||    44
         Tentacles         |     7 |    28 |     1 ||    36
         Punch             |     2 |     2 |       ||     4
         Short sword       |     8 |   123 |     1 ||   132
    Use: Potion            |       |       |     1 ||     1
   Stab: Sleeping          |     5 |     9 |       ||    14
 Armour: Skin              |    21 |    26 |     2 ||    49
  Dodge: Dodged            |    30 |    40 |       ||    70

Table legend: (Time is in decaauts)
 A = Elapsed time spent in this place.
 B = Non-inter-level travel time spent in this place.
 C = Inter-level travel time spent in this place.
 D = Time resting spent in this place.
 E = Time spent auto-exploring this place.
 F = Levels seen in this place.
 G = Mean time per level.
                   A        B        C        D        E       F      G
               +--------+--------+--------+--------+--------+-----+--------+
         Total |   3790 |   3499 |    291 |      0 |   3025 |   5 |  758.0 |
       Dungeon |   3093 |   2802 |    291 |      0 |   2446 |   4 |  773.2 |
         Sewer |    697 |    697 |      0 |      0 |    579 |   1 |  697.0 |
               +--------+--------+--------+--------+--------+-----+--------+

Top non-repeatable levels by time:
     D:3: 992 daAuts
     D:1: 927 daAuts
     D:2: 824 daAuts
   Sewer: 697 daAuts
     D:4: 348 daAuts
